 Dungeon Crawl Stone Soup version 0.29.1-12-g30fa7ad0bf (webtiles) character file.

Game seed: 6344081305611652002

42 Radix the Gusty (level 3, 0/19 HPs)
             Began as a Tengu Air Elementalist on Dec 31, 2022.
             Slain by Natasha (6 damage)
             ... on level 2 of the Dungeon.
             The game lasted 00:04:10 (1594 turns).

Radix the Gusty (Tengu Air Elementalist)            Turns: 1594, Time: 00:04:11

Health: 0/19       AC:  2    Str:  8    XL:     3   Next: 54%
Magic:  1/7        EV: 12    Int: 23    God:
Gold:   91         SH:  0    Dex: 14    Spells: 6/7 levels left

rFire   . . .      SeeInvis .   c - staff of poison
rCold   . . .      Faith    .   (no shield)
rNeg    . . .      Spirit   .   a - +0 robe
rPois   +          Reflect  .   (helmet restricted)
rElec   .          Harm     .   (no cloak)
rCorr   .          Rampage  .   (no gloves)
Will    .....                   (boots unavailable)
Stlth   ++........              (no amulet)
HPRegen 0.06/turn               g - +6 ring of intelligence
MPRegen 0.10/turn               (no ring)

@: no status effects
A: beak, talons 3
a: no special abilities


You were on level 2 of the Dungeon.
You visited 1 branch of the dungeon, and saw 2 of its levels.

You collected 91 gold pieces.

Inventory:

Armour
 a - a +0 robe (worn)
Magical Staves
 c - a staff of poison (weapon)
Jewellery
 g - a +6 ring of intelligence (left hand)
Scrolls
 d - a scroll of fog {unknown}
 e - 4 scrolls of immolation {unknown}
 j - 3 scrolls of identify {unknown}
 l - a scroll of noise {unknown}
Potions
 b - a potion of magic
 f - 2 potions of haste {unknown}
 h - a potion of berserk rage {unknown}
 i - 2 potions of curing {unknown}
 k - a potion of attraction {unknown}
 m - a potion of heal wounds {unknown}


   Skills:
 - Level 2.1 Dodging
 - Level 2.0 Stealth
 + Level 2.6 Spellcasting
 + Level 2.7 Conjurations
 + Level 4.7 Air Magic


You had 6 spell levels left.
You knew the following spells:

 Your Spells              Type           Power      Damage    Failure   Level
a - Shock                 Conj/Air       80%        1d8       2%          1

Your spell library contained the following spells:

 Spells                   Type           Power      Damage    Failure   Level
 Magic Dart               Conj           60%        1d6       4%          1
 Static Discharge         Conj/Air       20%        3-6/arc   4%          2
 Swiftness                Air            24%        N/A       5%          3
 Mephitic Cloud           Conj/Pois/Air  21%        N/A       13%         3
 Airstrike                Air            12%        2d(2-18)  17%         4
 Call Imp                 Summ           3%         N/A       19%         2


Dungeon Overview and Level Annotations

Branches:
Dungeon (2/15)

Altars:

Annotations:
D:2 Natasha


Innate Abilities, Weirdness & Mutations

You have a beak for a mouth.
You have claws for feet.


Message History

The zap hits Natasha.
Natasha is moderately wounded.
Natasha stares at you and mumbles some strange words.
The magic dart hits you.
Aiming: Shock (safe; 2% risk of failure)
Press: ? - help, Q - select action Shift-Dir - straight line, f/p - Natasha
Aim: Natasha (moderately wounded, 64% to hit)
The zap misses Natasha.
Aiming: Shock (safe; 2% risk of failure)
Press: ? - help, Q - select action Shift-Dir - straight line, f/p - Natasha
Aim: Natasha (moderately wounded, 64% to hit)
The zap hits Natasha.
Natasha is heavily wounded.
Aiming: Shock (safe; 2% risk of failure)
Press: ? - help, Q - select action Shift-Dir - straight line, f/p - Natasha
Aim: Natasha (heavily wounded, 64% to hit)
The zap hits Natasha.
Natasha is heavily wounded.
Natasha misses you.
Aiming: Shock (safe; 2% risk of failure)
Press: ? - help, Q - select action Shift-Dir - straight line, f/p - Natasha
Aim: Natasha (heavily wounded, 64% to hit)
The zap hits Natasha.
Natasha is severely wounded.
Natasha claws you!
You closely miss Natasha. You claw Natasha, but do no damage.
Natasha is severely wounded.
Natasha claws you but does no damage.
You hit Natasha. You claw Natasha, but do no damage. Your peck misses Natasha.
Natasha is severely wounded.
Natasha claws you but does no damage.
You hit Natasha. You claw Natasha.
Natasha is almost dead.
Natasha barely misses you. Natasha casts a spell at you.
You resist with significant effort.
You closely miss Natasha. You claw Natasha, but do no damage.
Natasha is almost dead.
Natasha claws you.
You die...

..........>. .
#..#........ .
.......... #.
#<....... . .
.##.##......##.. .
................
..#. #.............
.#.#.# #.....@h..# .
.....##..#...####
..#.#.#.#..#.#.####
...................
..#.#.#>#.####.#####
......#.#......#
#...........##
#####.#####.##
#.#####.........


You could see Natasha.

Vanquished Creatures
  An adder (D:2)
  3 ball pythons (D:2)
  3 bats (D:1)
  5 endoplasms
  A giant cockroach (D:2)
  4 goblins
  2 hobgoblins (D:1)
  2 quokkas
  2 frilled lizards (D:1)
  A kobold (D:1)
  7 rats
31 creatures vanquished.

Notes
Turn   | Place    | Note
-------+----------+-------------------------------------------
     0 | D:1      | Radix the Tengu Air Elementalist began the quest for the
                  | Orb.
     0 | D:1      | Reached XP level 1. HP: 10/10 MP: 4/4
     6 | D:1      | Noticed a black bear
     7 | D:1      | Noticed an anaconda
   284 | D:1      | Reached XP level 2. HP: 15/15 MP: 0/6
   360 | D:1      | Noticed a shining eye
   364 | D:1      | Noticed a golden eye
   894 | D:1      | Noticed a great orb of eyes
   898 | D:1      | Found a faded altar of an unknown god.
   970 | D:1      | Noticed a great orb of eyes
  1167 | D:2      | Reached XP level 3. HP: 19/19 MP: 4/7
  1583 | D:2      | Noticed Natasha
  1594 | D:2      | Slain by Natasha

Illustrated notes

Levels and vault maps discovered:
D:1:      onia_arrival_zoo_common, layout_basic,
          hellmonk_ecumenical_altar_watching_god
D:2:      layout_basic, uniq_natasha, uniq_jessica

Skill      XL: |  1  2 |
---------------+-------+-----
Conjurations   | 2 |  2.7
Dodging        | |  2.1
Stealth        | |  2.0
Spellcasting   | |  2.6
Air Magic      | |  4.7

Action                   || total
-------------------------++-------
Melee: Staff             ||    10
       Peck              ||     1
       Kick              ||     4
 Cast: Shock             ||    55
Armor: Robe              ||     3
Dodge: Dodged            ||     6
